Map: Troizinia LE

Players

biff

  • Race: Terran Terran
  • Spawn Location: 3:00

tempertemper

  • Race: Protoss Protoss
  • Spawn Location: 5:00

Infamous

  • Race: Protoss Protoss
  • League: Silver
  • Spawn Location: 6:00

austethicc

  • Race: Terran Terran
  • Spawn Location: 5:00

Alumdra

  • Race: Terran Terran
  • Spawn Location: 12:00

ivasty

  • Race: Zerg Zerg
  • Spawn Location: 11:00

bRuciechaNg

  • Race: Terran Terran
  • Spawn Location: 11:00

deyvid

  • Race: Zerg Zerg
  • Spawn Location: 9:00

VOD

Have the link to the VOD?

Description

Time

  • Played on: March 21, 2018, 9:18 p.m.
  • Length: 25:13
Show
View Real Time Build Order
Export as new Build Order

biff Terran 

Build Orders:  

Get SALT Encoding   

  12  0:02  SCV  
  13  0:14  SCV  
  14  0:23  Supply Depot  
  14  0:34  Supply Depot  
  14  0:37  SCV  
  15  0:49  Barracks  
  15  0:52  SCV  
  16  1:08  Supply Depot  
  16  1:15  Refinery  
  16  1:25  SCV  
  17  1:27  Barracks  
  17  1:37  SCV  
  18  1:40  Marine  
  19  1:52  Barracks  
  19  1:58  Marine  
  20  2:05  Engineering Bay  
  20  2:09  SCV  
  21  2:15  Marine  
  21  2:16  Barracks Reactor  
  22  2:27  SCV, Refinery  
  23  2:33  Marine  
  24  2:40  SCV  
  25  2:49  Barracks Tech Lab  
  25  2:51  Marine  
  25  2:57  Marine  
  25  2:58  Marine  
  27  3:04  Terran Infantry Weapons Level 1  
  27  3:07  Marine  
  28  3:14  SCV  
  28  3:17  Marine  
  28  3:19  Marine x2  
  32  3:25  Supply Depot  
  32  3:26  SCV  
  33  3:29  Marine  
  34  3:37  Marine x2  
  36  3:47  Marine  
  37  3:52  Marine  
  37  3:55  Marine  
  39  4:04  Marine  
  39  4:05  Combat Shields  
  40  4:10  Marine x2  
  40  4:12  Marine  
  40  4:14  SCV  
  44  4:22  Marine  
  45  4:26  SCV  
  45  4:27  Marine  
  47  4:33  Factory  
  47  4:42  Supply Depot  
  47  4:58  Terran Infantry Armor Level 1  
  47  5:03  Marine x2  
  47  5:04  Supply Depot  
  47  5:05  Marine x2  
  51  5:21  Marine x2  
  51  5:22  Marine  
  51  5:23  Marine  
  51  5:25  Factory Reactor  
  55  5:30  Orbital Command  
  55  5:35  Missile Turret  
  55  5:39  Marine x2  
  55  5:40  Marine x2  
  59  5:57  Marine  
  59  5:58  Marine x2  
  62  6:13  Supply Depot  
  62  6:14  Marine  
  63  6:34  Marine x2, Cyclone x2  
  63  6:38  Supply Depot  
  71  6:49  Armory  
  71  6:59  Marine x3  
  74  7:02  Supply Depot  
  74  7:11  Cyclone  
  77  7:17  Marine x2  
  79  7:34  Marine x3  
  82  7:44  Missile Turret  
  82  7:51  Marine x2  
  82  7:52  Marine  
  85  8:09  Marine x2, Missile Turret  
  87  8:15  Supply Depot  
  87  8:26  Missile Turret  
  87  8:36  Marine x2, Marauder  
  91  8:51  Missile Turret  
  91  8:58  Marauder  
  93  9:05  Missile Turret  
  93  9:26  Widow Mine  
  95  9:38  Missile Turret  
  95  9:40  Missile Turret  
  95  9:45  Missile Turret  
  95  9:57  Widow Mine  
  95  10:00  Widow Mine  
  79  10:51  Orbital Command  
  79  11:17  Cyclone x2  
  27  11:55  Command Center  
  27  12:18  Missile Turret  
  21  12:48  Widow Mine x2  
  23  12:55  Marauder  
  25  13:11  Planetary Fortress  
  25  13:12  Refinery  
  25  13:13  Bunker  
  25  13:16  Marauder  
  27  13:26  Marine x2  
  27  13:40  Cyclone  
  30  13:42  Factory  
  30  13:44  Marine  
  31  13:55  Marauder  
  27  14:11  Marine x2  
  28  14:18  SCV  
  29  14:30  SCV  
  30  14:47  Missile Turret  
  30  14:55  Widow Mine x2  
  30  14:58  Factory Tech Lab  
  34  15:06  SCV  
  35  15:18  SCV  
  36  15:30  SCV  
  37  15:41  Marine, Command Center  
  38  16:08  Drilling Claws  
  38  16:41  Refinery, Orbital Command  
  26  17:09  Widow Mine x2  
  29  17:26  Cyclone  
  4  18:41  Orbital Command  
  4  19:09  SCV  
  5  19:21  SCV  
  6  19:26  Refinery  
  6  19:34  SCV  
  7  19:41  Refinery  
  7  19:45  Widow Mine x2  
  11  19:46  SCV  
  12  19:53  Widow Mine  
  12  19:58  SCV  
  15  20:10  SCV  
  16  20:39  Widow Mine x2  
  16  20:42  Widow Mine  
  16  21:33  Orbital Command  
  10  22:56  Orbital Command  
Show
View Real Time Build Order
Export as new Build Order

tempertemper Protoss 

Build Orders:  

Get SALT Encoding   

  12  0:26  Probe  
  13  0:38  Probe  
  13  0:41  Pylon  
  14  0:50  Probe  
  15  1:00  Pylon  
  15  1:06  Nexus  
  15  1:20  Forge  
  15  1:23  Probe (Chrono Boost)  
  16  1:32  Probe (Chrono Boost)  
  17  1:37  Probe (Chrono Boost)  
  18  1:46  Gateway  
  18  1:52  Probe (Chrono Boost)  
  20  2:02  Probe (Chrono Boost)  
  20  2:07  Probe (Chrono Boost)  
  21  2:19  Probe (Chrono Boost)  
  22  2:23  Probe (Chrono Boost)  
  22  2:24  Gateway  
  24  2:31  Probe (Chrono Boost)  
  24  2:34  Probe (Chrono Boost)  
  24  2:36  Probe (Chrono Boost)  
  25  2:37  Pylon  
  25  2:38  Probe (Chrono Boost)  
  25  2:42  Zealot  
  29  2:48  Probe  
  29  2:49  Probe  
  31  3:01  Probe x2  
  33  3:09  Cybernetics Core  
  33  3:23  Probe (Chrono Boost)  
  33  3:24  Pylon  
  33  3:26  Probe (Chrono Boost)  
  35  3:30  Pylon  
  36  3:34  Probe (Chrono Boost)  
  36  3:35  Probe (Chrono Boost)  
  36  3:36  Pylon  
  36  3:37  Assimilator  
  36  3:39  Probe (Chrono Boost), Assimilator  
  36  3:40  Probe (Chrono Boost)  
  39  3:57  Assimilator  
  39  4:00  Assimilator  
  39  4:10  Warp Gate (Chrono Boost)  
  39  4:24  Probe x2  
  41  4:35  Stalker x2  
  45  4:41  Gateway  
  45  4:44  Gateway  
  45  4:47  Gateway  
  45  4:50  Gateway  
  45  4:52  Gateway  
  45  4:58  Pylon  
  45  5:02  Probe  
  45  5:03  Probe  
  45  5:06  Stalker, Protoss Ground Weapons Level 1 (Chrono Boost)  
  49  5:07  Stalker  
  51  5:14  Probe  
  51  5:15  Probe  
  53  5:33  Robotics Facility  
  53  5:35  Robotics Facility  
  53  5:38  Pylon  
  53  5:42  Pylon  
  53  5:48  Pylon  
  53  6:18  Stalker  
  53  6:19  Stalker x4  
  53  6:20  Stalker x2  
  67  6:31  Immortal x2  
  75  6:38  Pylon x2  
  75  6:44  Stalker x2  
  75  6:45  Stalker x3  
  75  6:46  Protoss Ground Armor Level 1  
  85  6:47  Stalker  
  85  6:49  Zealot  
  89  7:04  Nexus  
  89  7:14  Stalker x3  
  89  7:15  Stalker  
  97  7:17  Stalker  
  97  7:21  Stalker  
  101  7:26  Stalker  
  103  7:41  Pylon  
  103  7:45  Pylon  
  103  7:49  Immortal  
  103  7:50  Immortal  
  111  8:18  Probe x2  
  114  8:20  Probe  
  114  8:29  Stalker x3  
  114  8:30  Protoss Shields Level 1, Stalker x2  
  114  8:32  Stalker  
  114  8:33  Stalker  
  128  8:37  Immortal (Chrono Boost)  
  132  8:43  Immortal (Chrono Boost)  
  136  9:07  Assimilator  
  136  9:10  Assimilator  
  136  9:16  Pylon  
  136  9:18  Pylon  
  136  9:20  Pylon  
  136  9:25  Stalker x3  
  136  9:26  Stalker  
  136  9:27  Stalker x3  
  140  9:49  Stalker x3  
  140  9:50  Stalker x3  
  152  10:06  Stalker  
  154  10:07  Immortal  
  154  10:09  Immortal  
  144  10:35  Stalker x4  
  140  10:36  Stalker x3  
  148  11:00  Zealot  
  148  11:01  Zealot x5  
  148  11:02  Zealot  
  162  11:22  Observer x2  
  164  11:33  Zealot x4  
  164  11:34  Zealot x3  
  148  12:19  Zealot x4  
  148  12:20  Zealot x3  
  166  12:23  Immortal x2  
  170  12:41  Stalker x3  
  170  12:42  Stalker x2  
  180  13:38  Nexus  
  172  13:44  Stalker  
  172  13:45  Stalker x4  
  172  13:46  Stalker x2  
  170  14:18  Stalker  
  170  14:19  Stalker x3  
  170  14:20  Stalker  
  180  14:31  Pylon  
  180  14:35  Pylon  
  166  15:13  Stalker x6  
  178  15:14  Stalker  
  158  15:45  Zealot x2  
  158  15:46  Zealot x5  
  142  16:18  Stalker x4  
  146  16:19  Stalker x3  
  146  16:21  Immortal x2  
  164  16:42  Twilight Council  
  164  16:47  Robotics Bay  
  164  16:50  Stalker x2  
  164  16:51  Stalker x4  
  164  16:52  Stalker  
  172  17:13  Immortal x2  
  172  17:14  Stalker  
  110  17:23  Probe x4  
  90  17:35  Probe x2  
  74  17:48  Stalker x3  
  74  17:49  Stalker  
  82  18:19  Nexus  
  82  18:22  Stalker x5  
  92  18:32  Zealot x2  
  96  19:00  Stalker  
  96  19:01  Stalker x4  
  106  19:06  Stalker  
  106  19:09  Stalker  
  105  19:24  Stalker  
  105  19:25  Stalker x3  
  105  19:26  Zealot  
  113  19:53  Stalker x3  
  113  19:54  Stalker x4  
  127  20:17  Colossus x2  
  127  20:20  Stalker x3  
  127  20:21  Stalker x3  
  149  20:22  Stalker  
  153  20:50  Nexus  
  153  21:01  Stalker x2  
  153  21:02  Stalker x2  
  153  21:03  Stalker x3  
  168  21:11  Observer x2  
  169  21:25  Stalker x3  
  173  21:26  Stalker  
  177  21:36  Assimilator x2  
  159  22:06  Stalker x4  
  159  22:07  Stalker x3  
  145  22:09  Colossus x2  
  129  22:22  Protoss Ground Weapons Level 2 (Chrono Boost)  
  123  22:32  Zealot  
  123  22:33  Zealot x5  
  123  22:34  Zealot  
  111  23:08  Stalker x5  
  111  23:09  Stalker x2  
  111  23:10  Colossus  
  111  23:11  Colossus  
  121  23:32  Stalker x5  
  115  23:34  Zealot x2  
  113  23:51  Nexus  
  89  24:07  Stalker  
  89  24:08  Stalker  
  85  24:24  Zealot  
  85  24:25  Zealot x4  
  95  24:49  Nexus  
  95  25:02  Stalker x2  
  95  25:03  Stalker x5  
Show
View Real Time Build Order
Export as new Build Order

Infamous Protoss 

Build Orders:  

Get SALT Encoding   

  12  0:01  Probe  
  13  0:14  Probe  
  14  0:20  Pylon  
  14  0:33  Probe (Chrono Boost)  
  15  0:40  Gateway  
  15  0:45  Probe (Chrono Boost)  
  16  0:56  Probe (Chrono Boost)  
  16  1:00  Assimilator  
  17  1:07  Probe (Chrono Boost)  
  19  1:19  Probe (Chrono Boost)  
  19  1:28  Probe (Chrono Boost)  
  19  1:29  Cybernetics Core  
  20  1:45  Probe  
  21  1:49  Assimilator  
  21  1:51  Pylon  
  21  1:52  Zealot  
  22  2:02  Warp Gate (Chrono Boost)  
  22  2:14  Pylon  
  22  2:18  Probe  
  23  2:23  Robotics Facility  
  23  2:29  Stalker  
  25  2:32  Probe  
  25  2:35  Gateway  
  27  2:51  Probe  
  27  3:04  Nexus  
  27  3:06  Probe  
  28  3:16  Observer (Chrono Boost)  
  29  3:20  Pylon  
  29  3:25  Probe  
  30  3:37  Forge  
  30  3:40  Immortal  
  34  3:53  Gateway  
  34  4:05  Probe (Chrono Boost)  
  34  4:07  Gateway  
  35  4:12  Protoss Ground Weapons Level 1  
  36  4:17  Probe (Chrono Boost)  
  36  4:20  Probe (Chrono Boost)  
  37  4:26  Gateway  
  37  4:50  Probe x2  
  39  5:00  Assimilator  
  39  5:07  Probe x2  
  39  5:08  Immortal (Chrono Boost)  
  45  5:17  Stalker x2  
  45  5:19  Zealot  
  51  5:26  Gateway  
  52  5:28  Probe (Chrono Boost)  
  52  5:34  Probe (Chrono Boost)  
  52  5:36  Sentry x2  
  56  5:51  Pylon  
  56  5:54  Pylon, Shield Battery  
  56  5:56  Probe, Photon Cannon  
  56  5:57  Probe  
  58  5:58  Sentry  
  58  6:01  Stalker  
  62  6:10  Observer  
  63  6:13  Protoss Ground Armor Level 1 (Chrono Boost)  
  63  6:28  Pylon  
  63  6:29  Stalker x2  
  63  6:31  Zealot  
  69  6:33  Forge, Sentry  
  69  6:37  Probe (Chrono Boost)  
  73  6:42  Probe (Chrono Boost)  
  73  6:52  Twilight Council  
  73  6:53  Immortal  
  77  6:55  Probe  
  77  6:56  Probe  
  79  7:06  Assimilator  
  79  7:07  Probe  
  80  7:16  Stalker  
  80  7:17  Protoss Shields Level 1 (Chrono Boost), Stalker  
  80  7:19  Sentry  
  86  7:40  Pylon  
  86  7:46  Shield Battery  
  86  7:50  Photon Cannon  
  86  7:58  Probe, Immortal, Protoss Ground Weapons Level 2 (Chrono Boost)  
  91  8:01  Pylon  
  91  8:04  Probe  
  92  8:10  Stalker  
  94  8:20  Stalker x4  
  102  8:36  Pylon  
  102  8:38  Templar Archives  
  102  8:54  Probe x2  
  104  8:57  Stalker x3  
  110  9:09  Probe  
  98  9:17  Stalker  
  98  9:19  Stalker x2  
  98  9:20  Stalker  
  98  9:21  Stalker  
  82  9:44  Stalker x2  
  82  9:45  Stalker x3  
  90  9:46  Stalker  
  90  9:52  Probe (Chrono Boost)  
  95  10:02  Probe (Chrono Boost)  
  96  10:07  Probe (Chrono Boost)  
  44  10:33  Stalker x4  
  44  10:34  Stalker x2  
  53  10:35  Probe (Chrono Boost)  
  53  10:41  Probe (Chrono Boost)  
  48  10:44  Psionic Storm  
  46  10:58  Sentry x2  
  50  11:10  Probe  
  50  11:11  Probe  
  52  11:13  Protoss Ground Weapons Level 3 (Chrono Boost)  
  52  11:23  Probe x2  
  54  11:33  Protoss Ground Armor Level 2 (Chrono Boost)  
  54  11:44  Pylon  
  54  11:49  Photon Cannon  
  54  11:50  Immortal (Chrono Boost)  
  54  11:52  Photon Cannon  
  58  11:57  Probe x2  
  60  12:11  Zealot x3  
  60  12:14  Sentry  
  68  12:25  Probe x2  
  70  12:33  High Templar  
  70  12:34  High Templar x2  
  70  12:36  Zealot  
  78  12:37  Zealot  
  78  12:40  Archon  
  80  12:55  High Templar  
  80  12:56  Immortal (Chrono Boost)  
  86  13:13  High Templar  
  86  13:15  Sentry  
  86  13:17  Stalker  
  86  13:18  Zealot  
  94  13:23  Archon  
  94  13:28  Zealot  
  94  13:33  Protoss Shields Level 2 (Chrono Boost)  
  82  13:59  Stalker  
  82  14:02  Stalker x3  
  88  14:04  Zealot x2  
  94  14:13  Probe  
  95  14:25  Probe  
  95  14:27  High Templar  
  95  14:29  Zealot  
  95  14:31  Zealot x4  
  102  14:36  Charge (Chrono Boost)  
  108  14:52  Stalker  
  110  15:00  Pylon  
  110  15:07  Pylon  
  110  15:10  Pylon  
  110  15:20  High Templar x3  
  116  15:22  Zealot  
  118  15:30  Immortal (Chrono Boost)  
  122  15:40  Probe x2  
  124  16:04  Stalker  
  124  16:05  Stalker  
  124  16:06  Stalker x3  
  134  16:12  Archon  
  134  16:34  Pylon  
  134  16:36  Pylon  
  134  16:41  Archon  
  134  16:50  Protoss Ground Armor Level 3 (Chrono Boost)  
  134  16:53  Pylon  
  134  16:55  Pylon  
  134  17:03  Observer  
  133  17:40  Immortal  
  137  17:49  Stalker x3  
  137  17:50  Stalker  
  96  18:38  High Templar x2  
  96  18:40  Zealot x2  
  96  18:41  Zealot x2  
  78  19:45  Stalker x4  
  82  19:46  Stalker x2  
  90  20:21  High Templar  
  92  20:22  Zealot  
  90  20:56  High Templar  
  90  20:57  High Templar  
  94  20:58  Zealot  
  94  20:59  Zealot x2  
  100  21:44  Stalker x2  
  92  22:27  Archon  
  92  22:30  Stalker x2  
  48  24:41  Nexus  
Show
View Real Time Build Order
Export as new Build Order

austethicc Terran 

Build Orders:  

Get SALT Encoding   

  12  0:05  SCV  
  13  0:17  Supply Depot  
  13  0:21  SCV  
  14  0:33  SCV  
  15  0:37  Refinery  
  15  0:45  SCV  
  16  0:59  Barracks  
  16  1:00  SCV  
  17  1:12  SCV  
  17  1:16  Refinery  
  18  1:24  SCV  
  18  1:25  Supply Depot  
  19  1:36  SCV  
  20  1:53  Engineering Bay  
  20  1:54  Barracks Tech Lab  
  20  1:59  Factory  
  20  2:06  Supply Depot  
  20  2:34  Command Center  
  20  2:40  Reaper  
  21  2:49  Factory Tech Lab  
  21  2:53  SCV  
  22  3:05  SCV  
  23  3:12  Reaper  
  24  3:18  Starport  
  24  3:25  Supply Depot  
  24  3:31  SCV  
  25  3:43  SCV  
  25  3:44  Reaper  
  27  3:53  Armory  
  27  3:55  SCV  
  28  4:00  Starport Tech Lab  
  28  4:02  Hellion  
  30  4:03  Supply Depot  
  30  4:07  SCV  
  30  4:09  SCV  
  32  4:19  SCV  
  32  4:21  SCV  
  34  4:27  Refinery  
  34  4:34  SCV  
  35  4:41  Fusion Core  
  35  4:44  Supply Depot  
  35  4:52  Hellion  
  37  5:04  Factory  
  37  5:06  Supply Depot  
  37  5:09  Medivac  
  39  5:27  Marine  
  40  5:33  Starport  
  40  5:35  Ghost Academy  
  40  5:45  Marine  
  41  6:02  Marine  
  41  6:03  Hellion  
  44  6:04  Factory Tech Lab  
  44  6:10  SCV  
  45  6:18  Refinery  
  45  6:20  Marine  
  45  6:22  SCV  
  45  6:25  Hellion  
  49  6:35  SCV, Starport Tech Lab  
  49  6:38  Marine  
  51  6:44  Supply Depot  
  51  6:46  Hellion  
  54  6:47  SCV  
  54  6:51  Personal Cloaking  
  54  6:59  SCV  
  55  7:01  Hellion  
  55  7:08  Hellion  
  59  7:09  Factory  
  59  7:13  Marine  
  60  7:23  Hellion  
  62  7:31  Marine  
  62  7:34  Medivac  
  62  7:36  Medivac  
  67  7:44  Hellion  
  67  7:47  Hellion  
  67  7:48  Marine  
  72  8:03  Ghost Academy  
  74  8:06  Hellion, Marine  
  75  8:17  Nuke  
  75  8:24  Marine  
  76  8:29  Factory Tech Lab  
  76  8:34  Barracks  
  76  8:42  Marine  
  77  8:59  Ghost  
  62  10:31  Hellion x2  
  66  10:39  Barracks Tech Lab  
  49  10:53  Hellion x2  
  47  11:03  SCV  
  37  11:15  SCV  
  38  11:27  SCV  
  38  11:28  SCV  
  40  11:39  SCV  
  41  11:40  SCV  
  41  11:45  Nuke  
  42  11:51  SCV  
  42  11:52  SCV  
  44  12:03  SCV  
  44  12:04  SCV  
  46  12:14  Ghost Academy  
  46  12:15  SCV  
  46  12:16  SCV  
  48  12:28  SCV  
  49  12:40  SCV  
  50  12:44  Ghost Academy  
  50  13:09  Nuke  
  50  13:41  Nuke  
  48  14:36  Ghost  
  50  14:52  Nuke  
  50  15:05  Ghost  
  50  15:06  Hellion  
  50  15:07  Hellion  
  56  15:18  Banshee x2  
  62  15:27  Thor x2  
  74  16:01  Banshee  
  80  16:10  Thor x2  
  89  16:12  Raven  
  91  16:44  Banshee  
  94  17:32  Banshee  
  94  17:35  Thor  
  89  18:15  Banshee  
  87  18:58  Banshee  
Show
View Real Time Build Order
Export as new Build Order

Alumdra Terran 

Build Orders:  

Get SALT Encoding   

  12  0:01  SCV  
  13  0:18  Supply Depot  
  13  0:22  SCV  
  14  0:34  SCV  
  15  0:47  Barracks  
  15  0:51  SCV, Refinery  
  16  1:04  SCV  
  17  1:14  Supply Depot  
  17  1:31  Refinery  
  17  1:34  Marine  
  18  1:52  Marine, SCV  
  20  2:03  Engineering Bay  
  20  2:05  SCV  
  21  2:09  Marine  
  22  2:17  SCV  
  23  2:27  Marine  
  23  2:29  SCV  
  25  2:41  SCV  
  26  2:45  Marine  
  26  2:49  Factory  
  27  2:53  SCV  
  27  2:56  Supply Depot  
  28  3:02  Terran Infantry Weapons Level 1  
  28  3:05  SCV  
  29  3:17  SCV  
  30  3:29  SCV  
  31  3:40  Command Center  
  31  3:41  SCV  
  35  3:50  Factory Reactor  
  32  4:09  Starport  
  32  4:18  SCV  
  32  4:24  Supply Depot  
  33  4:30  SCV  
  37  4:31  Cyclone  
  37  4:45  Cyclone  
  40  4:54  SCV  
  41  5:00  Refinery  
  41  5:03  Cyclone  
  41  5:06  SCV  
  41  5:07  Refinery  
  45  5:16  Supply Depot  
  45  5:18  SCV  
  45  5:20  Cyclone  
  49  5:26  Starport Tech Lab  
  49  5:30  SCV  
  49  5:32  Reaper  
  53  5:35  Widow Mine  
  53  5:43  SCV  
  54  5:52  Widow Mine  
  54  5:55  SCV  
  57  5:58  Starport  
  57  6:04  Reaper  
  57  6:08  SCV  
  59  6:13  Supply Depot  
  59  6:16  SCV  
  60  6:20  SCV  
  61  6:32  SCV  
  62  6:44  SCV  
  63  6:48  Widow Mine x2  
  67  6:56  SCV  
  67  7:00  Armory  
  68  7:07  Barracks Reactor  
  68  7:08  SCV  
  69  7:09  Widow Mine x2  
  73  7:20  SCV  
  74  7:30  Barracks, Widow Mine x2  
  78  7:59  Supply Depot  
  78  8:07  Supply Depot  
  78  8:11  Liberator  
  78  8:21  Widow Mine x2, SCV, Raven  
  85  8:33  Supply Depot, SCV  
  89  8:37  Supply Depot  
  89  8:42  Terran Ship Weapons Level 1  
  89  8:43  Widow Mine x2  
  89  8:45  SCV  
  94  8:54  Liberator  
  94  8:57  SCV  
  95  9:03  Raven  
  97  9:37  Liberator  
  73  9:46  Raven  
  75  9:57  Barracks Tech Lab  
  60  10:20  Liberator  
  54  10:29  Raven  
  55  10:44  Cyclone x2  
  57  10:50  Marine x2  
  46  11:02  Liberator  
  46  11:08  Marine x2  
  47  11:16  Cyclone x2  
  52  11:24  Supply Depot  
  47  11:26  Marine x2  
  49  11:44  Marine x2  
  51  11:48  Cyclone x2  
  55  11:58  Command Center  
  55  12:01  Marine  
  55  12:02  Marine  
  57  12:20  Cyclone  
  57  12:21  Cyclone  
  61  12:52  Cyclone  
  61  12:53  Cyclone  
  67  13:04  Marine x2  
  69  13:10  Terran Vehicle Weapons Level 1  
  69  13:22  Marine x2  
  69  13:25  Hellbat, Cyclone  
  76  13:40  Marine x2  
  78  13:46  Hellbat  
  80  13:57  Marine, Hellbat  
  83  14:08  Hellbat  
  62  14:18  Hellbat  
  60  14:52  Command Center  
  60  15:06  Reaper x2  
  62  15:38  Reaper  
  62  15:39  Reaper  
  64  15:50  Bunker  
  64  16:10  Reaper  
  64  16:11  Reaper, Refinery  
  66  16:25  Missile Turret  
  66  16:31  Refinery  
  66  16:43  Reaper x2  
  35  18:32  Cyclone x2  
  41  18:47  Reaper x2  
  43  19:04  Cyclone x2  
  49  19:19  Reaper  
  49  19:20  Reaper  
  51  19:36  Cyclone x2  
  57  19:51  Reaper  
  57  19:52  Reaper  
  59  20:08  Cyclone x2  
  59  20:11  Medivac  
  67  20:24  Reaper x2  
  69  20:40  Cyclone  
  69  20:41  Medivac  
  74  21:06  SCV  
  75  21:18  SCV  
  69  21:30  SCV  
  67  21:42  SCV  
  68  21:54  SCV  
  68  21:56  Medivac  
  68  21:59  Cyclone x2  
  77  22:09  Refinery  
  77  22:14  Refinery  
  77  22:20  SCV  
  78  22:31  Cyclone  
  78  22:32  SCV  
  82  22:39  Hellion  
  84  22:45  SCV  
  85  22:57  SCV  
  86  23:00  Hellion  
  86  23:03  Hellion  
  90  23:09  SCV  
  67  23:22  Hellion  
  67  23:24  Hellion  
  43  23:43  Hellion  
  43  23:46  Hellion  
Show
View Real Time Build Order
Export as new Build Order

ivasty Zerg 

Build Orders: Pool First, Lurkers 

Get SALT Encoding   

  12  0:39  Drone x2, Spawning Pool  
  13  0:44  Extractor  
  13  0:47  Extractor, Drone  
  12  1:02  Drone x2  
  14  1:16  Overlord  
  14  1:32  Overlord  
  14  1:34  Queen  
  14  1:38  Zergling x2  
  17  2:10  Queen  
  17  2:13  Spore Crawler  
  18  2:19  Zergling x6  
  21  2:41  Spine Crawler  
  20  2:47  Drone x5  
  25  3:11  Zergling x2  
  25  3:12  Zergling x2  
  27  3:15  Metabolic Boost  
  27  3:28  Overlord  
  27  3:34  Spore Crawler  
  26  4:01  Hatchery  
  25  4:11  Drone x4  
  25  4:12  Drone  
  30  4:38  Spore Crawler  
  30  4:42  Spore Crawler  
  28  4:48  Lair  
  28  4:49  Drone x3  
  31  5:07  Spore Crawler  
  30  5:09  Spore Crawler  
  29  5:15  Spore Crawler  
  29  5:18  Drone x3  
  31  5:39  Drone x2  
  33  5:43  Spore Crawler  
  33  5:46  Spine Crawler  
  31  5:51  Overseer  
  31  5:52  Overseer  
  31  5:56  Drone x2  
  31  5:57  Drone  
  34  6:25  Spore Crawler  
  33  6:26  Overseer  
  33  6:27  Queen  
  33  6:28  Spore Crawler  
  33  6:29  Drone  
  35  6:45  Drone x3  
  35  6:46  Drone x3  
  41  6:51  Extractor  
  40  6:54  Extractor  
  39  7:03  Queen  
  41  7:14  Overseer  
  41  7:16  Zergling x6  
  41  7:18  Overlord  
  44  7:31  Overlord  
  44  7:40  Overseer  
  44  7:47  Overlord x2  
  44  7:54  Zergling x8  
  48  8:10  Hatchery  
  47  8:14  Drone x6  
  53  8:24  Drone x3  
  56  9:12  Hydralisk Den  
  56  9:15  Zergling x8  
  56  9:16  Zergling x8  
  63  9:23  Evolution Chamber  
  62  9:35  Drone x4  
  62  9:36  Drone x3  
  69  9:56  Spore Crawler, Zergling x2  
  69  9:57  Lurker Den, Zergling x8  
  69  9:59  Spore Crawler, Zerg Melee Weapons Level 1  
  71  10:16  Hydralisk  
  71  10:18  Zergling x2  
  73  10:22  Overlord x3  
  63  10:59  Drone  
  63  11:00  Zergling x6  
  63  11:01  Zergling x4  
  62  11:07  Zergling x2  
  62  11:08  Zergling x4  
  62  11:22  Hatchery  
  62  11:24  Hydralisk x2  
  65  11:27  Hydralisk x2  
  69  11:39  Spore Crawler  
  68  11:53  Zerg Missile Weapons Level 1  
  60  11:55  Lurker x3  
  60  12:00  Zergling x2  
  60  12:01  Zergling x6  
  67  12:07  Overlord x2  
  67  12:08  Zergling x6  
  70  12:35  Spore Crawler  
  68  12:43  Queen  
  70  12:56  Infestation Pit  
  70  12:57  Drone x3  
  72  13:18  Queen  
  71  13:42  Spine Crawler  
  71  13:45  Spine Crawler  
  71  13:47  Hydralisk x2  
  71  13:48  Hydralisk, Zerg Ground Armor Level 1  
  75  14:05  Zergling x14  
  82  14:17  Spine Crawler  
  82  14:22  Queen  
  82  14:23  Zergling x4  
  82  14:24  Zergling x2  
  86  14:26  Lurker x2  
  88  14:37  Zergling x6  
  88  14:38  Zergling x6  
  91  15:14  Zergling x12  
  94  15:35  Hive  
  94  15:36  Hydralisk x3  
  94  15:37  Hydralisk x2  
  94  15:41  Zerg Melee Weapons Level 2  
  103  15:43  Hydralisk x3  
  103  15:44  Hydralisk x6  
  103  15:48  Zergling x2  
  120  15:51  Overlord x3  
  120  15:52  Overlord x2  
  120  16:12  Hydralisk x3  
  126  16:29  Baneling Nest  
  125  16:33  Zergling x10  
  130  16:52  Zergling x2  
  130  16:53  Zergling x12  
  76  17:43  Baneling  
  76  17:44  Baneling x7  
  75  17:47  Hydralisk x4  
  75  17:48  Hydralisk  
  75  17:55  Extractor  
  75  17:57  Extractor, Zerg Missile Weapons Level 2  
  68  17:59  Lurker  
  68  18:01  Queen  
  71  18:10  Zergling x12  
  74  18:22  Hydralisk x6  
  86  18:32  Lurker x3  
  86  18:33  Lurker x2  
  91  18:36  Queen  
  93  18:42  Zergling x10  
  98  19:08  Queen  
  100  19:13  Zergling x6, Burrow  
  103  19:24  Zergling x10  
  108  19:43  Zergling x8  
  108  19:44  Zergling x2, Hatchery  
  112  19:49  Adrenal Glands  
  112  20:09  Zergling x10  
  112  20:10  Zergling x6  
  112  20:13  Zerg Ground Armor Level 2  
  82  21:17  Lurker x4  
  86  21:20  Drone  
  86  21:21  Drone x5  
  90  21:26  Overseer x2  
  90  21:28  Drone x4  
  90  21:30  Queen  
  89  22:06  Queen  
  91  22:18  Zergling x6  
  91  22:22  Zergling x6  
  90  22:29  Zerg Melee Weapons Level 3  
  81  22:31  Hydralisk x6  
  81  22:35  Hydralisk  
  89  22:53  Zergling x12  
  89  22:56  Hydralisk x3  
  86  22:59  Hydralisk x2  
  71  23:16  Hydralisk x2  
  71  23:18  Hydralisk x2  
  73  23:21  Hydralisk x2  
  73  23:23  Zergling x2  
  78  23:33  Extractor  
  69  23:35  Extractor  
  62  23:45  Lurker x2  
  62  23:47  Zergling x4  
  55  23:59  Zergling x4  
  55  24:02  Zergling x4  
  55  24:03  Zergling x2  
  54  24:12  Zergling x4  
  54  24:13  Zergling x2  
  54  24:14  Zergling x2  
  58  24:17  Zergling x2  
  59  24:28  Drone x4  
  59  24:29  Drone x6  
  69  24:42  Zergling x4  
  73  24:48  Zergling x6  
  78  25:10  Hatchery  
Show
View Real Time Build Order
Export as new Build Order

bRuciechaNg Terran 

Build Orders:  

Get SALT Encoding   

  12  0:02  SCV  
  13  0:14  SCV  
  14  0:27  Supply Depot  
  14  0:31  SCV, Refinery  
  15  0:49  SCV  
  16  0:52  Barracks  
  16  1:01  SCV  
  17  1:14  SCV  
  18  1:26  SCV  
  19  1:38  SCV  
  20  1:40  Marine  
  20  1:42  Command Center  
  21  1:53  Factory  
  21  1:58  Refinery  
  21  2:00  Marine  
  22  2:11  Orbital Command  
  22  2:32  Marine  
  23  2:38  Refinery  
  23  2:40  Refinery  
  23  2:42  Starport  
  23  2:45  Factory Tech Lab  
  23  2:54  SCV  
  24  2:59  Supply Depot  
  24  3:01  SCV  
  25  3:06  Marine  
  25  3:12  SCV  
  27  3:17  Orbital Command  
  27  3:22  Starport Tech Lab  
  27  3:26  SCV  
  28  3:30  Marine  
  29  3:35  Siege Tank  
  29  3:40  SCV  
  33  3:48  Marine  
  34  3:49  Corvid Reactor  
  34  3:52  SCV  
  35  3:56  SCV  
  36  4:04  SCV  
  36  4:05  Marine  
  36  4:08  SCV  
  39  4:13  Siege Tank  
  39  4:16  SCV  
  43  4:23  Marine  
  43  4:24  Starport  
  44  4:29  SCV x2  
  46  4:47  Raven  
  46  4:48  Supply Depot  
  46  4:50  Siege Tank  
  46  4:51  Marine  
  52  4:56  Barracks  
  52  4:57  SCV  
  52  4:58  SCV  
  54  5:14  Starport Tech Lab  
  54  5:18  Marine  
  55  5:22  Siege Tank  
  55  5:23  Supply Depot  
  58  5:36  Raven  
  58  5:37  Raven  
  62  5:44  Marine  
  62  5:45  Supply Depot, Barracks Tech Lab, SCV  
  62  5:46  SCV  
  65  5:58  SCV  
  65  6:02  Marine  
  67  6:04  Engineering Bay  
  67  6:09  Combat Shields  
  67  6:10  Marine  
  68  6:16  Siege Tank  
  71  6:19  Raven x2  
  71  6:20  Marine  
  71  6:23  Supply Depot, Command Center  
  76  6:27  SCV x2  
  78  6:36  Supply Depot  
  78  6:37  Hi-Sec Auto Tracking  
  78  6:45  Marine, SCV  
  80  6:47  Starport  
  80  6:49  Marine  
  81  7:03  Supply Depot  
  81  7:05  Raven  
  83  7:14  Marine, Raven  
  83  7:15  Marine  
  87  7:23  Barracks  
  87  7:32  Marine  
  87  7:35  Refinery  
  87  7:36  Refinery  
  88  7:45  Planetary Fortress  
  88  7:54  Banshee  
  88  7:55  Banshee  
  88  7:56  Banshee  
  97  8:09  Marine x2  
  99  8:15  Barracks  
  99  8:20  Siege Tank  
  99  8:22  Marine  
  103  8:29  Armory  
  103  8:32  Marine x2  
  105  8:37  Raven  
  105  8:38  SCV x3  
  110  8:49  Raven  
  112  8:55  Marine  
  112  8:56  Marine x2  
  112  8:57  Raven  
  108  9:40  Marine x2  
  108  9:41  Marine  
  111  9:58  Marine x3  
  91  10:24  Raven x3  
  90  10:29  Marine x3  
  92  10:45  Siege Tank  
  92  10:47  Marine x3  
  98  11:04  Marine  
  98  11:05  Marine x2  
  98  11:07  Raven x3  
  107  11:22  Marine x2  
  98  11:39  Marine  
  99  11:40  Marine x2  
  101  11:50  Raven x3  
  96  12:18  Marine x3  
  99  12:32  Raven  
  99  12:33  Raven  
  99  12:34  Command Center  
  99  12:36  Marine x3  
  106  12:43  Barracks  
  106  12:46  Barracks  
  106  12:47  Barracks  
  105  12:52  Raven  
  107  13:03  Marine x3  
  110  13:09  Siege Tank  
  113  13:15  Raven  
  114  13:20  Marine  
  114  13:21  Marine x2  
  117  13:45  Raven  
  117  13:55  Raven  
  117  13:57  Marine x6  
  111  14:15  Marine x3  
  111  14:16  Raven  
  115  14:28  Marine x3  
  118  14:32  Marine  
  110  14:47  Command Center  
  109  14:53  Raven x2  
  109  14:59  Marine x3  
  116  15:00  Marine x3  
  119  15:12  Supply Depot  
  119  15:13  Supply Depot  
  119  15:17  Supply Depot, Marine x3  
  119  15:18  Marine  
  123  15:23  Siege Tank  
  123  15:24  Marine x2  
  120  15:42  Raven x2  
  121  15:44  Refinery  
  121  15:45  Refinery  
  105  15:53  Marine x3  
  102  16:08  Marine x3  
  102  16:10  Marine  
  102  16:11  Marine x2  
  108  16:26  Marine  
  108  16:28  Raven x3  
  108  16:29  Marine x5  
  120  16:40  Command Center  
  120  16:43  Marine  
  120  16:47  Marine x5  
  124  17:02  Command Center, Refinery  
  124  17:06  Marine x2, Refinery  
  124  17:07  Marine x3  
  129  17:14  Marine  
  113  17:24  Marine x4  
  106  17:47  Marine x4  
  106  17:48  Marine x2  
  110  17:58  Planetary Fortress  
  110  18:05  Marine  
  109  18:07  Marine x4  
  109  18:08  Marine  
  114  18:23  Marine  
  114  18:24  Marine  
  114  18:25  Marine x3  
  114  18:26  Marine  
  118  18:40  Marine  
  119  18:42  Marine x2  
  119  18:43  Marine x2, Refinery  
  119  18:46  Refinery  
  110  19:21  Raven x3  
  96  19:58  Marine  
  96  19:59  Marine x4  
  101  20:00  Marine  
  101  20:04  Raven  
  104  20:16  Marine x2, Command Center  
  104  20:17  Marine  
  104  20:19  Marine x2  
  104  20:20  Marine  
  110  20:25  Raven x2  
  114  20:29  Terran Vehicle And Ship Armor Level 1  
  114  20:34  Marine  
  100  21:08  Banshee  
  103  21:11  Marine  
  103  21:12  Marine x2  
  106  21:23  Marine  
  99  21:53  Orbital Command  
  24  22:31  Raven x2  
  24  23:06  Orbital Command  
  24  23:08  Raven  
  24  23:10  Refinery  
  25  23:22  Marine x5  
  25  23:57  Raven  
  26  24:05  Marine x6  
  29  24:14  Orbital Command  
  29  24:22  Marine  
  29  24:23  Marine x5  
  35  24:29  SCV  
  35  24:31  SCV  
  37  24:40  Marine  
  37  24:41  SCV  
  39  24:53  SCV  
Show
View Real Time Build Order
Export as new Build Order

deyvid Zerg 

Build Orders: Pool First 

Get SALT Encoding   

  12  0:20  Spawning Pool  
  11  0:27  Overlord  
  11  0:45  Drone x3  
  14  0:57  Drone  
  15  1:05  Extractor  
  15  1:08  Drone, Extractor  
  15  1:10  Queen  
  16  1:21  Zergling x2  
  17  1:34  Drone  
  18  1:41  Zergling x2  
  19  2:00  Drone  
  20  2:07  Zergling x2  
  21  2:14  Drone  
  22  2:22  Overlord x3  
  22  2:41  Hatchery  
  21  2:47  Zergling x4  
  23  2:57  Metabolic Boost  
  23  3:11  Zergling x4  
  23  3:12  Zergling x2  
  26  3:30  Drone  
  27  3:38  Spore Crawler, Drone x3  
  29  3:54  Drone  
  30  4:00  Lair  
  30  4:06  Baneling Nest  
  29  4:11  Drone  
  29  4:15  Drone  
  31  4:25  Drone x3  
  31  4:29  Drone  
  35  4:33  Drone  
  35  4:35  Drone  
  37  4:51  Drone x2  
  37  4:52  Queen  
  39  4:58  Spore Crawler  
  40  5:00  Drone  
  40  5:06  Drone  
  40  5:07  Drone x2  
  44  5:23  Hydralisk Den  
  43  5:35  Infestation Pit  
  42  5:38  Drone  
  42  5:39  Drone x2  
  45  5:44  Queen  
  45  5:48  Drone  
  45  5:49  Drone x4  
  52  5:51  Overlord  
  52  6:00  Baneling x5  
  52  6:01  Baneling x5  
  52  6:09  Extractor  
  52  6:10  Drone x2  
  53  6:11  Extractor  
  53  6:14  Hydralisk x4  
  60  6:24  Overseer  
  60  6:25  Pneumatized Carapace  
  60  6:38  Overlord x3  
  60  6:52  Overlord  
  60  7:13  Hive  
  60  7:32  Hydralisk x3  
  60  7:33  Hydralisk x7  
  60  7:34  Hydralisk  
  82  8:04  Drone x3  
  85  8:19  Hydralisk x3  
  87  8:21  Overlord x2  
  87  8:22  Overlord x2  
  91  8:56  Hatchery  
  90  9:08  Queen  
  92  9:17  Spire  
  91  10:09  Drone  
  87  10:59  Greater Spire  
  80  11:59  Corruptor x6  
  80  12:00  Corruptor x6  
  80  12:01  Corruptor x4  
  104  12:03  Overlord x6  
  104  12:04  Overlord x4  
  111  12:35  Brood Lord x6  
  111  12:36  Brood Lord x2  
  127  12:52  Brood Lord  
  129  13:03  Extractor  
  129  13:04  Drone x3  
  129  13:05  Extractor  
  118  13:27  Overseer x3  
  118  13:30  Drone  
  87  13:56  Hydralisk x6  
  87  13:57  Hydralisk x5  
  87  14:01  Zergling x4  
  87  14:02  Zergling x4  
  101  14:23  Brood Lord  
  103  14:42  Hatchery  
  102  14:58  Hatchery  
  101  15:09  Corruptor x6  
  113  15:18  Overseer  
  112  15:53  Brood Lord  
  112  15:54  Brood Lord  
  116  16:15  Zerg Flyer Weapons Level 1  
  116  16:19  Drone x3  
  116  16:23  Drone x2  
  121  16:36  Drone x6  
  121  16:37  Hatchery  
  126  16:40  Brood Lord  
  128  16:54  Drone x3  
  128  16:58  Drone x2  
  128  16:59  Drone  
  132  17:28  Hydralisk x3  
  132  17:29  Hydralisk x7  
  151  17:47  Drone  
  151  17:48  Drone x2  
  154  17:52  Drone x3  
  154  17:58  Brood Lord  
  159  18:04  Extractor  
  158  18:06  Extractor  
  101  18:32  Brood Lord x2  
  105  18:47  Drone x3  
  100  19:40  Zergling x6  
  100  19:41  Zergling x16  
  100  19:42  Zergling x16  
  100  19:43  Zergling x2  
  120  19:46  Drone x2  
  120  19:47  Drone  
  119  20:17  Baneling x7  
  119  20:18  Baneling x8  
  119  20:19  Baneling x8  
  119  20:20  Baneling x8  
  119  20:21  Baneling  
  119  20:24  Corruptor x2  
  119  20:25  Corruptor x3  
  119  21:00  Drone x3  
  120  21:25  Brood Lord x2  
  57  22:17  Zergling x18  
  57  22:18  Hydralisk x4, Zergling x6  
  57  22:19  Zergling x8  
  57  22:20  Zergling x6  
  77  22:48  Baneling x3  
  77  22:49  Baneling x5  
  76  23:00  Extractor  
  76  23:03  Extractor  
  74  23:06  Hatchery  
  44  23:40  Zergling x2  
  44  23:41  Zergling x10  
  50  24:38  Extractor  
  49  24:39  Drone x2  
  49  24:40  Extractor  
  50  24:56  Baneling x3  
  50  24:57  Baneling x4  
Tags
 
Add a new tag
Caveats
  • Supply blocks, unpowered buildings, or Contaminate may cause inaccurate times.
  • Supply counts are checked every 10 seconds.